[Event "Late-Titled-Tuesday-Blitz-March-12-2024"]
[Site "Chess.com"]
[Date "2024.03.12"]
[Round "1"]
[White "Zampronha1971"]
[Black "JaloliddinIlkhomi"]
[Result "0-1"]
[WhiteElo "2317"]
[BlackElo "2658"]
[TimeControl "180+1"]
[EndTime "14:06:07 PDT"]
[Termination "JaloliddinIlkhomi won on time"]

1. e4 e6 2. d4 d5 3. Nc3 Bb4 4. e5 c5 5. a3 Bxc3+ 6. bxc3 Qa5 7.
Bd2 Qa4 8. Nf3 c4 9. g3 Nc6 10. Bg2 Nge7 11. O-O Bd7 12. h4 O-O-O 13. Bh3 Rdf8 14.
Re1 h6 15. h5 g6 16. hxg6 fxg6 17. Nh2 Ng8 18. Re3 Nce7 19. Rf3 Rxf3 20. Qxf3 Qxc2 21. Qf8+ Kc7 22. Qg7 Qxd2 23. Qxh8 Qxc3 24. Rd1 Qb3 25. Bg4 c3 26. Qf6 Nxf6 27. exf6 c2 28. Rc1 Qb1 29.
f7 Qxc1+ 30. Nf1 Qxa3 31. f8=Q c1=Q 0-1

[Event "Late-Titled-Tuesday-Blitz-March-12-2024"]
[Site "Chess.com"]
[Date "2024.03.12"]
[Round "1"]
[White "platy3"]
[Black "Herman-NY"]
[Result "1-0"]
[WhiteElo "2955"]
[BlackElo "2533"]
[TimeControl "180+1"]
[EndTime "14:06:08 PDT"]
[Termination "platy3 won by resignation"]

1. e4 e5 2. Nf3 Nc6 3. Bc4 Nf6 4.
d3 Be7 5. a4 a5 6. O-O O-O 7.
h3 d6 8. Nc3 Be6 9. Re1 h6 10.
Bb5 Na7 11. Bc4 Nc6 12. Be3 d5 13. exd5 Nxd5 14. Bb5 Nxc3 15. bxc3 Bd6 16. Bd2 Qf6 17. Bxc6 bxc6 18. c4 Qg6 19. Nxe5 Bxe5 20. Rxe5 Bxh3 21. Qf3 Bg4 22. Qg3 Rfe8 23. Rxe8+ Rxe8 24. Bxa5 Qf6 25. Rf1 h5 26. f3 Be6 27. Bxc7 h4 28. Qf4 Qg6 29. Qxh4 c5 30. Qg3 Qf6 31. Be5 Qh6 32. Re1 Bd7 33. a5 f6 34. Bc3 Rxe1+ 35. Qxe1 Bc6 36.
a6 1-0

[Event "Late-Titled-Tuesday-Blitz-March-12-2024"]
[Site "Chess.com"]
[Date "2024.03.12"]
[Round "1"]
[White "Bugcrusher"]
[Black "Fandorine"]
[Result "0-1"]
[WhiteElo "2531"]
[BlackElo "2950"]
[TimeControl "180+1"]
[EndTime "14:06:08 PDT"]
[Termination "Fandorine won by checkmate"]

1. e4 e5 2. Nf3 Nc6 3. Nc3 Nf6 4. Bb5 Bb4 5. O-O O-O 6. d3 Bxc3 7. bxc3 d6 8. Bg5 Ne7 9. Bxf6 gxf6 10. d4 Ng6 11.
g3 Qe7 12. Re1 Kh8 13. Bf1 Rg8 14. Bg2 Bd7 15. Qd2 Rg7 16. Rab1 b6 17. c4 Rag8 18. Rbd1 Nf4 19. Bh1 Be6 20. c5 Nh3+ 21. Kf1 bxc5 22. d5 Bc8 23. Qa5 f5 24. Qxa7 fxe4 25. Rxe4 f5 26.
Rh4 f4 27. Bg2 Nxf2 28. Kxf2 fxg3+ 29. hxg3 Rxg3 30. Rh2 e4 31. Rdh1 R3g7 32. Nh4 Qf6+ 33. Ke2 Bg4+ 34. Kd2 e3+ 35. Kxe3 Qd4# 0-1

[Event "Late-Titled-Tuesday-Blitz-March-12-2024"]
[Site "Chess.com"]
[Date "2024.03.12"]
[Round "1"]
[White "ChristopherYoo"]
[Black "WPWPWP-2015"]
[Result "1-0"]
[WhiteElo "2986"]
[BlackElo "2538"]
[TimeControl "180+1"]
[EndTime "14:06:15 PDT"]
[Termination "ChristopherYoo won by resignation"]

1. d4 Nf6 2. c4 c6 3. Nf3 d5 4. Nc3 e6 5. Bg5 h6 6. Bh4 dxc4 7. e4 g5 8. Bg3 b5 9. Be2 Bb7 10. O-O Nbd7 11. Qc2 Bg7 12. e5 Nd5 13. Ne4 Qb6 14. a4 a6 15. b3 c3 16. Nd6+ Kf8 17.
a5 Qc7 18. b4 Rd8 19. Rfc1 Nb8 20. Qb3 Kg8 21. Bd3 Bf8 22. Be4 Nf4 23. Bxf4 gxf4 24.
Nxb7 Qxb7 25. Rxc3 Qe7 26. Rb1 Rc8 27. d5 exd5 28.
Bxd5 Rd8 29. Bxc6 Nxc6 30. Rxc6 Qxb4 31. Rg6+ Bg7 32. Rxg7+ Kxg7 33. Qxb4 Rd1+ 34. Rxd1 1-0

[Event "Late-Titled-Tuesday-Blitz-March-12-2024"]
[Site "Chess.com"]
[Date "2024.03.12"]
[Round "1"]
[White "ural58"]
[Black "mbojan"]
[Result "0-1"]
[WhiteElo "2502"]
[BlackElo "2878"]
[TimeControl "180+1"]
[EndTime "14:06:15 PDT"]
[Termination "mbojan won by resignation"]

1. e4 a6 2. c4 c5 3. f4 Nc6 4.
Nf3 d6 5. b3 Nf6 6. Nc3 g6 7.
Bb2 Bg4 8. Nd5 Bg7 9. h3 Bxf3 10. Qxf3 O-O 11. Nxf6+ Bxf6 12. Bxf6 exf6 13. Bd3 Nd4 14. Qf2 Re8 15. O-O a5 16. f5 g5 17. h4 h6 18. g4 gxh4 19. Qxh4 Kg7 20. Kg2 Rh8 21. Rh1 Qe7 22. Qg3 Rh7 23. Rh5 Rah8 24. Rah1 Qe5 25.
Qe3 Qe7 26. Be2 b6 27. Bd1 Qf8 28. d3 Kg8 29. Qf4 Kg7 30. Qg3 Qe7 31. Kf2 Qe5 32.
R1h3 Nc6 33. Qxe5 fxe5 34. g5 hxg5 35. Rxg5+ Kf6 36. Rxh7 Rxh7 37. Rg8 Rh2+ 38. Rg2 Rxg2+ 39. Kxg2 Nb4 40. a4 Nxd3 41. Kf3 Kg5 42. Be2 Nf4 43. Bf1 Kh4 44. Kf2 Kg4 0-1

[Event "Late-Titled-Tuesday-Blitz-March-12-2024"]
[Site "Chess.com"]
[Date "2024.03.12"]
[Round "1"]
[White "SaqoChess_Twitch"]
[Black "rikchessmx"]
[Result "1-0"]
[WhiteElo "2644"]
[BlackElo "2297"]
[TimeControl "180+1"]
[EndTime "14:06:15 PDT"]
[Termination "SaqoChess_Twitch won by resignation"]

1. d4 Nf6 2. c4 e6 3. Nc3 d5 4. cxd5 exd5 5. Bg5 Nbd7 6. e3 Be7 7. Bd3 O-O 8. Nf3 c6 9. O-O Re8 10. Qc2 Ne4 11.
Bxe4 dxe4 12. Nxe4 f5 13. Bxe7 Qxe7 14. Nc5 Nf6 15.
Qb3+ Nd5 16. Rfe1 b6 17. Nd3 Qf6 18. Nde5 Bb7 19. Rac1 Rad8 20. Qa4 b5 21. Qxa7 Re7 22. Qc5 Rc7 23. Nd3 g5 24. Nb4 Ne7 25. Qe5 Qxe5 26.
Nxe5 Kg7 27. g3 Kf6 28. Rc3 Rdc8 29. Nbd3 Nd5 30. Rc2 h5 31. f4 g4 32. e4 fxe4 33.
Rxe4 Kf5 34. Re1 h4 35. Nc5 hxg3 36. hxg3 Ba8 37. Ned7 Rd8 38. Re5+ Kg6 39. Rg5+ Kf7 40. Ne5+ Ke7 41. Rg7+ Kd6 42. Ne4+ Ke6 43. Rxc7 Nxc7 44.
Ng5+ Kd5 45. Nxg4 Re8 46. Nf6+ Kxd4 47. Nxe8 Nxe8 48. Rd2+ Kc5 49. Rd8 Nc7 50. f5 Bb7 51.
f6 Nd5 52. Rxd5+ cxd5 53. f7 1-0

[Event "Late-Titled-Tuesday-Blitz-March-12-2024"]
[Site "Chess.com"]
[Date "2024.03.12"]
[Round "1"]
[White "Roedor"]
[Black "yaguigor"]
[Result "1/2-1/2"]
[WhiteElo "2272"]
[BlackElo "2617"]
[TimeControl "180+1"]
[EndTime "14:06:15 PDT"]
[Termination "Game drawn by repetition"]

1. c4 c6 2. Nf3 d5 3. d4 Nf6 4. Qb3 dxc4 5. Qxc4 Bf5 6. Nc3 e6 7. g3 Be7 8. Bg2 Nbd7 9. O-O O-O 10. Qb3 Qb6 11. e3 Bd3 12. Re1 Qxb3 13. axb3 Ne4 14.
Nxe4 Bxe4 15. Ne5 Bxg2 16. Nxd7 Rfd8 17. Kxg2 Rxd7 18. Bd2 c5 19. Bc3 a6 20. Kf3 Rc8 21.
Ke4 f5+ 22. Kf3 Kf7 23. dxc5 Bxc5 24. Red1 Rcd8 25. Rxd7+ Rxd7 26. Rc1 Bd6 27. h3 e5 28. e4 g6 29. g4 Ke6 30. Rd1 Rf7 31. exf5+ gxf5 32. Kg2 e4 33. gxf5+ Rxf5 34. Re1 Rg5+ 35. Kf1 Kf5 36. Rd1 Rg6 37. Rd5+ Ke6 38. Rd4 Kf5 39. Rd5+ Ke6 40. Rd4 Kf5 41. Rd5+ 1/2-1/2

[Event "Late-Titled-Tuesday-Blitz-March-12-2024"]
[Site "Chess.com"]
[Date "2024.03.12"]
[Round "1"]
[White "Synctel"]
[Black "crazyluzhinTh3"]
[Result "0-1"]
[WhiteElo "1875"]
[BlackElo "2573"]
[TimeControl "180+1"]
[EndTime "14:06:15 PDT"]
[Termination "crazyluzhinTh3 won on time"]

1. d4 d6 2. Nf3 Bg4 3. c4 Nd7 4.
Nc3 Ngf6 5. e4 e5 6. Be2 c6 7. O-O Be7 8. Re1 O-O 9. Be3 Re8 10.
h3 Bh5 11. Qc2 Bf8 12. Rad1 Qc7 13. Rd2 exd4 14. Nxd4 Bg6 15. Bd3 Nc5 16. Nf5 Nxd3 17. Qxd3 Nxe4 18. Nxe4 Bxf5 19. Nf6+ gxf6 20. Qxf5 Bg7 21.
Red1 Re6 22. Bf4 Rae8 23. c5 Qc8 24. Kh2 d5 25. Rd3 Re4 26. Qxc8 Rxc8 27. Bd6 f5 28. a3 Re2 29. Rb3 b5 30. cxb6 axb6 31. Rxb6 Rxb2 32.
Rxb2 Bxb2 33. Rb1 Bc3 34. Rb3 d4 35. Be5 c5 36. Kg3 f6 37. Bxf6 Kf7 38. Be5 Ke6 39. f4 Kd5 40. Rb6 Kc4 41. Rf6 d3 42. Bxc3 Kxc3 0-1

[Event "Late-Titled-Tuesday-Blitz-March-12-2024"]
[Site "Chess.com"]
[Date "2024.03.12"]
[Round "1"]
[White "LUISMIGUELOV"]
[Black "SlavenPastar"]
[Result "0-1"]
[WhiteElo "2128"]
[BlackElo "2588"]
[TimeControl "180+1"]
[EndTime "14:06:16 PDT"]
[Termination "SlavenPastar won by checkmate"]

1. d4 b6 2. Nf3 Bb7 3. Bf4 Nf6 4. e3 e6 5. Be2 Be7 6. c4 Nh5 7. Be5 d6 8. Bg3 Nd7 9. Nc3 g6 10. Qc2 Kf8 11. O-O Kg7 12. Nd2 Nxg3 13. fxg3 Bg5 14. Qd3 f5 15. Bf3 c6 16. e4 Nf6 17. exf5 exf5 18.
Rae1 Qd7 19. h4 Bh6 20. d5 Rhe8 21. dxc6 Bxc6 22. Bxc6 Qxc6 23. Nf3 Qc5+ 24. Qd4 Be3+ 25. Rxe3 Rxe3 26. Qxc5 dxc5 27. Rd1 Rae8 28. Rd6 R3e6 29. Rd3 R8e7 30. Ng5 Re1+ 31. Kh2 Ng4+ 32. Kh3 Rh1# 0-1

[Event "Late-Titled-Tuesday-Blitz-March-12-2024"]
[Site "Chess.com"]
[Date "2024.03.12"]
[Round "1"]
[White "newyorkmouse"]
[Black "Firouzja2003"]
[Result "0-1"]
[WhiteElo "2568"]
[BlackElo "3139"]
[TimeControl "180+1"]
[EndTime "14:06:17 PDT"]
[Termination "Firouzja2003 won by checkmate"]

1. Nf3 Nf6 2. b4 g6 3. Bb2 Bg7 4. e3 O-O 5. c4 d6 6. Be2 e5 7. d3 a5 8. a3 Na6 9. Qb3 Bd7 10. O-O Re8 11. Nbd2 c6 12. Rac1 Qc7 13. Rfd1 axb4 14. axb4 h6 15. h3 Be6 16. d4 e4 17.
Ne1 d5 18. b5 Nb8 19. bxc6 Nxc6 20. cxd5 Bxd5 21. Bc4 Qd7 22. Qb6 Ra4 23. Bb5 Ra2 24. Nc4 Qe6 25. Ba1 Rea8 26. Ne5 Qf5 27. Nxc6 Qxf2+ 28. Kh2 bxc6 29. Bxc6 R2a6 30. Qb5 Bxc6 31.
Rxc6 Rxa1 32. Rxa1 Rxa1 33. Rc8+ Kh7 34. Qc4 Ng4+ 35. hxg4 Qh4+ 36. Kg1 Qxe1+ 37. Kh2 Qh4# 0-1

[Event "Late-Titled-Tuesday-Blitz-March-12-2024"]
[Site "Chess.com"]
[Date "2024.03.12"]
[Round "1"]
[White "ValeriyGrinev"]
[Black "Yushko_Olga"]
[Result "0-1"]
[WhiteElo "2575"]
[BlackElo "2183"]
[TimeControl "180+1"]
[EndTime "14:06:18 PDT"]
[Termination "Yushko_Olga won by resignation"]

1. d4 e6 2. c4 Nf6 3. Nc3 d5 4. cxd5 exd5 5. Bg5 Nbd7 6. e3 Be7 7. Bd3 O-O 8. Qc2 c5 9. dxc5 h6 10. Bxf6 Nxf6 11.
Na4 Qa5+ 12. Kf1 Bd7 13. Nc3 Bxc5 14. Nf3 Rac8 15. a3 Bb4 16. Rc1 Bxc3 17. bxc3 Qxa3 18. Nd4 Ne4 19. Bxe4 dxe4 20. h3 b5 21. Kg1 b4 22. c4 Ba4 23. Qb1 b3 24. Kh2 b2 25.
Rce1 Rxc4 26. Qxe4 Qd6+ 27. g3 Bc2 28. Qb7 b1=Q 29.
Rxb1 Bxb1 30. Rxb1 Rc7 31. Qb5 a6 32. Qf5 Rfc8 33. Qg4 Qf6 34. Ra1 Qxf2+ 35. Kh1 Rc1+ 36. Rxc1 Rxc1+ 0-1

[Event "Late-Titled-Tuesday-Blitz-March-12-2024"]
[Site "Chess.com"]
[Date "2024.03.12"]
[Round "1"]
[White "EsmeraldasAnderson03"]
[Black "shirovin"]
[Result "1-0"]
[WhiteElo "2577"]
[BlackElo "2056"]
[TimeControl "180+1"]
[EndTime "14:06:22 PDT"]
[Termination "EsmeraldasAnderson03 won on time"]

1. d4 Nf6 2. c4 g6 3. Nc3 d5 4.
cxd5 Nxd5 5. e4 Nxc3 6. bxc3 Bg7 7. Bc4 O-O 8. Ne2 c5 9. O-O Qc7 10. Bd3 b6 11. Be3 Bb7 12. Rc1 Nd7 13. Qd2 Nf6 14. f3 Rfd8 15. Bf4 Qd7 16. d5 Rac8 17. c4 Nh5 18. Bh6 Bh8 19. Ng3 Nxg3 20. hxg3 e6 21. g4 exd5 22. cxd5 b5 23. Bg5 Re8 24. Qa5 c4 25. Bb1 a6 26. Qb6 Qc7 27. Qf2 b4 28. g3 c3 29. Kg2 Qc5 30. Be3 Qc7 31. Rh1 Bg7 32. g5 Qe7 33. g4 Bxd5 34. Qh4 h6 35. gxh6 Qxh4 36. Rxh4 Bh8 37. h7+ Kf8 38. Bh6+ Bg7 39.
h8=Q+ 1-0

[Event "Late-Titled-Tuesday-Blitz-March-12-2024"]
[Site "Chess.com"]
[Date "2024.03.12"]
[Round "1"]
[White "akanga001"]
[Black "yobdc"]
[Result "0-1"]
[WhiteElo "2017"]
[BlackElo "2577"]
[TimeControl "180+1"]
[EndTime "14:06:22 PDT"]
[Termination "yobdc won by checkmate"]

1. d4 Nf6 2. c4 g6 3. Nc3 Bg7 4. e4 d6 5. Nge2 O-O 6. Ng3 h5 7. Bg5 c5 8. d5 Nh7 9. Be3 h4 10. Nge2 e6 11. Qd2 exd5 12. cxd5 Re8 13. h3 b5 14. f3 b4 15. Nd1 Nd7 16. Nf2 Ne5 17. Nf4 a5 18. Ng4 a4 19. Nxe5 Bxe5 20. Nd3 Bg7 21. Bh6 Qf6 22. Bxg7 Kxg7 23. Nf2 a3 24. Rb1 axb2 25. Rxb2 Bd7 26. Bc4 Ra3 27. O-O Ng5 28.
Ng4 Bxg4 29. fxg4 Qe5 30. Bb3 Nxe4 31. Qe2 Ng3 32. Qxe5+ Rxe5 33. Rd1 Ra7 34. Kf2 Rae7 35. Bc4 f5 36. gxf5 gxf5 37. Rdd2 Re1 38. Kf3 Kf6 39. Rb3 Kg5 40. a3 R7e4 41. Bb5 Rf4# 0-1

[Event "Late-Titled-Tuesday-Blitz-March-12-2024"]
[Site "Chess.com"]
[Date "2024.03.12"]
[Round "1"]
[White "SchmakAttack"]
[Black "sorch29"]
[Result "1-0"]
[WhiteElo "2810"]
[BlackElo "2459"]
[TimeControl "180+1"]
[EndTime "14:06:23 PDT"]
[Termination "SchmakAttack won by checkmate"]

1. e4 c5 2. Nf3 Nc6 3. Nc3 g6 4. d4 cxd4 5. Nxd4 Bg7 6. Be3 Nf6 7. Bc4 O-O 8. Bb3 a5 9. O-O Ng4 10. Qxg4 Nxd4 11. Qd1 Nxb3 12. axb3 d6 13. Nd5 Bxb2 14. Bb6 Qd7 15. Bd4 Bxa1 16. Bxa1 Qd8 17. Qd2 Be6 18.
Nf4 Qd7 19. h4 f6 20. Re1 Bf7 21. e5 fxe5 22. Rxe5 Rad8 23. Qd4 dxe5 24. Qxe5 Bd5 25.
Qg7# 1-0

[Event "Late-Titled-Tuesday-Blitz-March-12-2024"]
[Site "Chess.com"]
[Date "2024.03.12"]
[Round "1"]
[White "Witik"]
[Black "epiclord678"]
[Result "1-0"]
[WhiteElo "2735"]
[BlackElo "2416"]
[TimeControl "180+1"]
[EndTime "14:06:23 PDT"]
[Termination "Witik won on time"]

1. d4 Nf6 2. c4 g6 3. g3 Bg7 4. Bg2 d6 5. Nc3 O-O 6. Nf3 Nc6 7. O-O a6 8. Re1 Rb8 9. Rb1 b5 10. cxb5 axb5 11. b4 Bd7 12. h3 e6 13. e4 Ne7 14.
Nd2 h5 15. Nf3 Nh7 16. Bf4 Nc8 17. e5 Qe7 18. d5 dxe5 19. Nxe5 Nd6 20. dxe6 Bxe6 21.
Nxg6 fxg6 22. Rxe6 Qd7 23. Rxg6 Kh8 24. Nd5 Qf7 25. Qxh5 Rbe8 26. Nxc7 1-0

[Event "Late-Titled-Tuesday-Blitz-March-12-2024"]
[Site "Chess.com"]
[Date "2024.03.12"]
[Round "1"]
[White "SirStrateg"]
[Black "RianKapriaga"]
[Result "1-0"]
[WhiteElo "2650"]
[BlackElo "2306"]
[TimeControl "180+1"]
[EndTime "14:06:23 PDT"]
[Termination "SirStrateg won on time"]

1. d4 Nf6 2. Bf4 d5 3. e3 e6 4. Nd2 Bd6 5. Bg3 O-O 6. Ngf3 c5 7. c3 Qc7 8. Ne5 Nbd7 9. f4 Ne4 10. Bd3 f5 11. O-O Nxe5 12. fxe5 Be7 13. Nxe4 fxe4 14. Rxf8+ Bxf8 15. Bc2 cxd4 16. exd4 Bd7 17. Qg4 Be7 18. Rf1 Rf8 19. Rxf8+ Bxf8 20. Bb3 a5 21. Bxd5 exd5 22.
e6 Bxe6 23. Qxe6+ Qf7 24. Qxf7+ Kxf7 25. a4 g6 26. Bc7 Bh6 27. Bxa5 Bc1 28. b3 Bd2 29.
Kf1 Bf4 30. h3 Bd6 31. Ke2 Ke6 32. Bd8 h5 33. Bg5 Kf5 34. Be3 Ba3 35. c4 1-0

[Event "Late-Titled-Tuesday-Blitz-March-12-2024"]
[Site "Chess.com"]
[Date "2024.03.12"]
[Round "1"]
[White "Zohid6"]
[Black "Rogarcia1"]
[Result "1-0"]
[WhiteElo "2879"]
[BlackElo "2508"]
[TimeControl "180+1"]
[EndTime "14:06:24 PDT"]
[Termination "Zohid6 won by resignation"]

1. e4 c5 2. Nf3 d6 3. Bb5+ Bd7 4. Bxd7+ Nxd7 5. d4 cxd4 6. Qxd4 Ngf6 7. c4 g6 8. O-O Bg7 9. Nc3 O-O 10. Qe3 Qb6 11.
Qe2 Nc5 12. Re1 Rfe8 13. Rb1 Nfd7 14. Nd5 Qc6 15. b4 Ne6 16. b5 Qc8 17. Be3 Ndc5 18. Qc2 Qd7 19. h4 Rac8 20. Rbd1 Nc7 21. Nf4 N5e6 22. Nxe6 Nxe6 23. Bxa7 Qxb5 24. Rc1 Qa6 25. Be3 Qa3 26. Rb1 Bc3 27. Rb3 Qxb3 28. axb3 Bxe1 29. Nxe1 Rc7 30. Qa2 Rec8 31. Nd3 b5 32. cxb5 Rc3 33.
Nb4 Nc5 34. Nd5 Rd3 35. Nxe7+ 1-0

[Event "Late-Titled-Tuesday-Blitz-March-12-2024"]
[Site "Chess.com"]
[Date "2024.03.12"]
[Round "1"]
[White "Didici"]
[Black "nj123456"]
[Result "1-0"]
[WhiteElo "2756"]
[BlackElo "2428"]
[TimeControl "180+1"]
[EndTime "14:06:24 PDT"]
[Termination "Didici won by resignation"]

1. c4 Nf6 2. Nc3 e6 3. e4 d5 4. e5 d4 5. exf6 dxc3 6. bxc3 Qxf6 7. d4 e5 8. Nf3 exd4 9. Bg5 Qe6+ 10. Be2 Be7 11.
Bxe7 Qxe7 12. cxd4 O-O 13. O-O b6 14. Re1 Bb7 15.
Bd3 Qf6 16. Ne5 Rd8 17. Qg4 Nc6 18. Nxc6 Bxc6 19. d5 Bd7 20. Qg3 c6 21. d6 Be8 22.
Rad1 g6 23. Bc2 Bd7 24. Re7 Be6 25. Bb3 a5 26. a4 Rab8 27. h4 h5 28. Rd3 Bf5 29.
Rd2 Rd7 30. c5 bxc5 31. Bxf7+ Kf8 32. Bc4 Rxe7 33. dxe7+ Qxe7 34. Qxb8+ Kg7 35. Qd8 Qe1+ 36. Kh2 Qe5+ 37. g3 Qe4 38. Qd3 Qe1 39. Qc3+ Kh7 40.
Rd7+ Bxd7 41. Qxe1 1-0

[Event "Late-Titled-Tuesday-Blitz-March-12-2024"]
[Site "Chess.com"]
[Date "2024.03.12"]
[Round "1"]
[White "Chempiblinka"]
[Black "CaspiIsrael"]
[Result "0-1"]
[WhiteElo "2335"]
[BlackElo "2686"]
[TimeControl "180+1"]
[EndTime "14:06:25 PDT"]
[Termination "CaspiIsrael won by checkmate"]

1. Nf3 Nf6 2. g3 g6 3. Bg2 Bg7 4.
c4 O-O 5. O-O d6 6. Nc3 e5 7. d3 c6 8. Rb1 a5 9. a3 h6 10. b4 axb4 11. axb4 Be6 12. Bd2 Nbd7 13. b5 d5 14. bxc6 bxc6 15. cxd5 cxd5 16. Qc1 Rc8 17. Qa3 Re8 18. Rfc1 Bf8 19. Qa6 Nc5 20. Qa1 Ra8 21. Qb2 Bf5 22. Nb5 e4 23. dxe4 Nfxe4 24. Bf4 Bg7 25.
Qb4 Ra4 26. Qe1 d4 27. Nd2 d3 28. Nxe4 Bxe4 29. Rxc5 d2 30. Qxd2 Qxd2 31. Bxd2 Bxb1 32. Nc3 Ra1 33. Bf3 Bd4 34. Rc7 Bd3+ 35. Kg2 Ba6 36. Nd5 Bxe2 37. Bxh6 Bf1+ 38. Kg1 Bh3+ 39. Bc1 Re1# 0-1

[Event "Late-Titled-Tuesday-Blitz-March-12-2024"]
[Site "Chess.com"]
[Date "2024.03.12"]
[Round "1"]
[White "buenamor1972"]
[Black "Kildepiotr"]
[Result "0-1"]
[WhiteElo "2360"]
[BlackElo "2693"]
[TimeControl "180+1"]
[EndTime "14:06:26 PDT"]
[Termination "Kildepiotr won on time"]

1. Nf3 g6 2. g3 Bg7 3. Bg2 d5 4. d3 Nf6 5. O-O O-O 6. Nbd2 Nbd7 7. e4 dxe4 8. dxe4 e5 9. Re1 Qe7 10. Qe2 b6 11. Nb3 a5 12. c3 a4 13. Nbd2 Ba6 14.
Nc4 Ne8 15. Bf1 Nd6 16. Nfd2 Qe6 17. Rb1 Nc5 18. b3 Bh6 19. Qf3 Bb7 20. Nxd6 cxd6 21. Bc4 Qe7 22. b4 Bxd2 23. Bxd2 Nxe4 24. Rxe4 d5 25.
Ree1 dxc4 26. Qe2 Qe6 27. Bh6 Rfe8 28. f3 Rad8 29. Rbd1 f6 30. Be3 b5 31. Bc5 Qf5 32.
Kf2 g5 33. Qe3 h5 34. Bb6 Rd7 35. Rxd7 Qxd7 36. Rd1 Qxd1 0-1

[Event "Late-Titled-Tuesday-Blitz-March-12-2024"]
[Site "Chess.com"]
[Date "2024.03.12"]
[Round "1"]
[White "Smoking_Crow"]
[Black "GoValya"]
[Result "1-0"]
[WhiteElo "2618"]
[BlackElo "2249"]
[TimeControl "180+1"]
[EndTime "14:06:26 PDT"]
[Termination "Smoking_Crow won by resignation"]

1. e4 e6 2. d4 d5 3. Nd2 Nf6 4. e5 Nfd7 5. Bd3 c5 6. c3 Nc6 7. Ne2 cxd4 8. cxd4 f6 9. exf6 Nxf6 10. Nf3 Bd6 11.
O-O Qc7 12. Bg5 O-O 13. Bh4 Nh5 14. Qc2 h6 15. Bh7+ Kh8 16. Bg6 Rxf3 17. Bxh5 Bxh2+ 18. Kh1 Rf5 19. Bg6 Bd6 20. Bxf5 exf5 21. Rae1 Bd7 22. Nc3 Nxd4 23. Qd2 Qc5 24. Bf6 gxf6 25. Qxh6+ Kg8 26. Qg6+ Kh8 27. Qxf6+ Kg8 28. Qg6+ Kh8 29. Rd1 Rf8 30. Rd3 f4 31. Rfd1 Nf5 32. Rxd5 Qxf2 33. Rxd6 Ng3+ 34.
Kh2 Bf5 35. Qh6+ Kg8 36. Qg5+ Kh8 37. Rh6+ Bh7 38. Rxh7+ Kxh7 39. Rd7+ 1-0

[Event "Late-Titled-Tuesday-Blitz-March-12-2024"]
[Site "Chess.com"]
[Date "2024.03.12"]
[Round "1"]
[White "Mops_2004"]
[Black "Machidon"]
[Result "0-1"]
[WhiteElo "2826"]
[BlackElo "2488"]
[TimeControl "180+1"]
[EndTime "14:06:28 PDT"]
[Termination "Machidon won by resignation"]

1. g3 e5 2. Bg2 Nf6 3. d3 h6 4. Nf3 Nc6 5. c4 Bb4+ 6. Nc3 e4 7. dxe4 Nxe4 8. Qc2 Qe7 9. O-O Bxc3 10. bxc3 O-O 11. Nd4 Re8 12. f3 Nc5 13. e4 d6 14.
Be3 Ne5 15. Qe2 Be6 16. Nxe6 Qxe6 17. f4 Qxc4 18. Qxc4 Nxc4 19. Bxc5 dxc5 20. e5 c6 21. Rfd1 Rad8 22. Kf2 Kf8 23. Rab1 Nb6 24. Rxd8 Rxd8 25. Ke2 Rd7 26. Bh3 Rd8 27. a4 Nxa4 28. Rxb7 Nxc3+ 29. Ke3 c4 30. f5 Nd5+ 31. Ke4 c3 32. Rb1 a5 33. Bf1 c2 34. Rc1 Nb4 35. Be2 a4 36. e6 fxe6 37. fxe6 Ke7 38. Bc4 Rd1 0-1

[Event "Late-Titled-Tuesday-Blitz-March-12-2024"]
[Site "Chess.com"]
[Date "2024.03.12"]
[Round "1"]
[White "Goryachkina"]
[Black "Jahonas"]
[Result "1-0"]
[WhiteElo "2682"]
[BlackElo "2325"]
[TimeControl "180+1"]
[EndTime "14:06:28 PDT"]
[Termination "Goryachkina won by resignation"]

1. e4 c6 2. Nf3 d5 3. Nc3 dxe4 4. Nxe4 Nf6 5. Qe2 Nxe4 6. Qxe4 Qd5 7. Qf4 Bf5 8. Bc4 Qe4+ 9. Qxe4 Bxe4 10. Bxf7+ Kxf7 11. Ng5+ Kg6 12. Nxe4 Nd7 13. d3 Nf6 14. O-O Nxe4 15.
dxe4 Rd8 16. Be3 e6 17. Bxa7 Rd2 18. Rac1 Be7 19. Be3 Rd7 20. Rfd1 Rhd8 21. Rxd7 Rxd7 22. Kf1 b5 23. a3 Kf7 24. Ke2 Bf6 25. c3 Ke8 26.
Rd1 Rc7 27. Bc5 Rc8 28. Rd6 Kf7 29. Rd7+ Kg6 30. Bd4 e5 31. Bc5 h5 32. f3 h4 33.
h3 Bg5 34. Kd3 Bf4 35. c4 Kh6 36. Kc3 g5 37. cxb5 cxb5 38. Kb4 Kh5 39. Kxb5 Rb8+ 40. Bb6 Rc8 41. a4 Rc2 42. b4 Rxg2 43. a5 Rb2 44. a6 Bd2 45. Rxd2 Rxd2 46. a7 1-0

[Event "Late-Titled-Tuesday-Blitz-March-12-2024"]
[Site "Chess.com"]
[Date "2024.03.12"]
[Round "1"]
[White "corvachesky"]
[Black "Marcan2b"]
[Result "0-1"]
[WhiteElo "2524"]
[BlackElo "2928"]
[TimeControl "180+1"]
[EndTime "14:06:31 PDT"]
[Termination "Marcan2b won by resignation"]

1. Nf3 d5 2. d4 Nf6 3. c4 e6 4. Nc3 a6 5. cxd5 exd5 6. Bg5 Be6 7. e3 Nbd7 8. Bd3 c6 9. Qc2 Bd6 10. a3 O-O 11. O-O h6 12. Bh4 Re8 13. b4 Bg4 14.
Nd2 Qc7 15. Bg3 Bxg3 16. hxg3 Re7 17. Nb3 Rae8 18. Rae1 Nb6 19. Nc5 Nc8 20. a4 Nd6 21. Rc1 Qd8 22. b5 cxb5 23. axb5 a5 24. N3a4 h5 25. b6 Nfe4 26. Bxe4 dxe4 27. Qd2 h4 28. gxh4 Nf5 29. Qxa5 Nxh4 30. Nb3 Re6 31. Rc5 Rg6 32.
Rfc1 Nxg2 33. Kf1 Qh4 34. f4 Nxe3+ 35. Kg1 Bd1+ 36. Rg5 Bxb3 37. Qb5 Rxg5+ 38. Qxg5 Qxg5+ 39. fxg5 Bxa4 40. Rc7 Bc6 0-1

[Event "Late-Titled-Tuesday-Blitz-March-12-2024"]
[Site "Chess.com"]
[Date "2024.03.12"]
[Round "1"]
[White "Rodalquilar"]
[Black "19912131712118"]
[Result "1-0"]
[WhiteElo "2790"]
[BlackElo "2446"]
[TimeControl "180+1"]
[EndTime "14:06:31 PDT"]
[Termination "Rodalquilar won on time"]

1. d4 d5 2. Nf3 Nf6 3. Bf4 e6 4. e3 Bd6 5. Nbd2 O-O 6. c3 c5 7.
Bd3 Nc6 8. Bg3 b6 9. e4 dxe4 10. Nxe4 Nxe4 11. Bxe4 Bb7 12. dxc5 Bxc5 13. Qa4 Na5 14.
Rd1 Qe8 15. Bxh7+ Kxh7 16. Qh4+ Kg8 17. Ng5 Be4 18. Qxe4 f5 19. Qh4 Qg6 20. b4 f4 21.
Bxf4 Rxf4 22. Qxf4 Rf8 23. Qg4 Bxf2+ 24. Ke2 Nc6 25. Qxe6+ Qxe6+ 26. Nxe6 Re8 27. Kxf2 Rxe6 28. Rhe1 Rf6+ 29. Kg1 a5 30. b5 Na7 31. a4 Rf7 32.
Rd6 Rb7 33. Ree6 Kh7 34. Rxb6 Rc7 35. Ra6 Nc8 36. Rec6 1-0

[Event "Late-Titled-Tuesday-Blitz-March-12-2024"]
[Site "Chess.com"]
[Date "2024.03.12"]
[Round "1"]
[White "Mbneu"]
[Black "Likvidator228"]
[Result "1-0"]
[WhiteElo "2251"]
[BlackElo "2598"]
[TimeControl "180+1"]
[EndTime "14:06:31 PDT"]
[Termination "Mbneu won by checkmate"]

1. d4 d5 2. c4 e6 3. Nf3 c6 4.
g3 dxc4 5. Bg2 b5 6. O-O Bb7 7. Qc2 Nd7 8. Rd1 Ngf6 9. e4 Be7 10. Bg5 h6 11. Be3 a6 12. Nbd2 O-O 13. Nf1 c5 14. e5 Nd5 15. dxc5 Bxc5 16. Bxc5 Nxc5 17. Rd4 Nd3 18. Qe2 Qe7 19. Nh4 Rad8 20. Qh5 f5 21. Ng6 Qf7 22. Rh4 Rfe8 23. Nd2 Kh7 24. Nf3 Qxg6 25. Ng5+ Qxg5 26. Qxg5 Nxb2 27. g4 fxg4 28.
Be4+ Kg8 29. Rxh6 Ne7 30. Bh7+ Kf8 31. Qf4+ Nf5 32. Bxf5 exf5 33. Qxf5+ Kg8 34. Qh7+ Kf7 35. Rf6+ Ke7 36. Qxg7# 1-0

[Event "Late-Titled-Tuesday-Blitz-March-12-2024"]
[Site "Chess.com"]
[Date "2024.03.12"]
[Round "1"]
[White "manitodeplomo"]
[Black "PoXerStar"]
[Result "1-0"]
[WhiteElo "2701"]
[BlackElo "2365"]
[TimeControl "180+1"]
[EndTime "14:06:32 PDT"]
[Termination "manitodeplomo won on time"]

1. d4 Nf6 2. c4 g6 3. Nc3 Bg7 4. e4 d6 5. Be2 O-O 6. Nf3 e5 7.
d5 a5 8. Bg5 h6 9. Bh4 Na6 10.
Nd2 Bd7 11. O-O Qe8 12. b3 h5 13. a3 Nh7 14. f3 Bh6 15. Rb1 Be3+ 16. Kh1 Bc5 17.
Qc1 f5 18. exf5 gxf5 19. f4 e4 20. Re1 Qg6 21. Nf1 Nf6 22. h3 Kh7 23. Ne3 Rg8 24. Bf1 Kg7 25. Nc2 Rh8 26. b4 axb4 27. axb4 Bb6 28.
Qd2 Kf7 29. Nd4 Rag8 30. Nd1 e3 31. Nxe3 Ne4 32. Qd3 Re8 33. Kh2 Rhg8 34. Nf3 c6 35. Ng5+ Nxg5 36. Bxg5 Re4 37. c5 dxc5 38. Nc4 1-0